 Dungeon Crawl Stone Soup version 0.23.2 (webtiles) character file.

Game seed: 11349448109848162549

13218 Menchi the Blocker (level 12, -3/94 HPs)
             Began as a Formicid Fighter on Apr 8, 2019.
             Was an Elder of Nemelex Xobeh.
             Killed from afar by a starcursed mass (11 damage)
             ... with an accursed screaming
             ... on level 1 of the Abyss.
             The game lasted 00:40:46 (11947 turns).

Menchi the Blocker (Formicid Fighter)              Turns: 11947, Time: 00:40:47

Health: -3/94      AC: 11    Str: 29    XL:     12   Next: 30%
Magic:  12/12      EV: 22    Int:  9    God:    Nemelex Xobeh [****..]
Gold:   481        SH: 16    Dex: 19    Spells: 11/11 levels left

rFire    . . .     SeeInvis +   A - +2 hand axe (drain)
rCold    . . .     Gourm    .   c - +0 shield
rNeg     . . .     Faith    .   a - +1 scale mail of Claustrophobia {MR+}
rPois    .         Spirit   .   (helmet unavailable)
rElec    .         Reflect  +   H - scarf {repulsion}
rCorr    .         Harm     .   h - +1 pair of gloves
MR       +++..                  (no boots)
Stlth    +.........             n - amulet of Ivvetoje {Reflect Dex+4 SH+2}
HPRegen  0.25/turn              l - ring of protection from magic
MPRegen  0.13/turn              J - +4 ring of strength

@: agile, studying Dodging, repel missiles
A: permanent stasis, dig shafts and tunnels, four strong arms, antennae 3
a: Dig, Shaft Self, Draw Escape, Draw Destruction, Draw Summoning, Triple Draw,
Deal Four, Renounce Religion


You were on level 1 of the Abyss.
You worshipped Nemelex Xobeh.
Nemelex Xobeh was greatly pleased with you.
You were not hungry.

You visited 2 branches of the dungeon, and saw 11 of its levels.
You visited the Abyss 1 time.
You also visited: Sewer.

You collected 1172 gold pieces.
You spent 691 gold pieces at shops.

Inventory:

Hand Weapons
 r - the +4 long sword of Impatience {freeze, rF+}
   (You found it on level 1 of the Abyss)

   It has been specially enchanted to freeze those struck by it, causing extra
   injury to most foes and up to half again as much damage against particularly
   susceptible opponents.
   It can also slow down cold-blooded creatures.
   It protects you from fire.
 A - a +2 hand axe of draining (weapon)
Armour
 a - the +1 scale mail of Claustrophobia (worn) {MR+}
   (You bought it in a shop on level 8 of the Dungeon)

   It affects your resistance to hostile enchantments.
 c - a +0 shield (worn)
 h - a +1 pair of gloves (worn)
 w - a +3 ring mail of fire resistance
 B - +0 steam dragon scales
 H - a scarf of repulsion (worn)
Jewellery
 l - a ring of protection from magic (left hand)
 n - the amulet of Ivvetoje (around neck) {Reflect Dex+4 SH+2}
   (You found it on level 7 of the Dungeon)

   [amulet of reflection]

   It shields you and reflects attacks.
   It affects your dexterity (+4).
   It affects your SH (+2).
 z - an uncursed ring of fire
 J - a +4 ring of strength (right hand)
Wands
 D - a wand of polymorph (7)
Scrolls
 g - 5 scrolls of fog
 i - 3 scrolls of amnesia
 j - 7 scrolls of remove curse
 k - 8 scrolls of identify
 o - 5 scrolls of magic mapping
 s - 3 scrolls of teleportation
 u - a scroll of random uselessness
 F - 2 scrolls of enchant weapon
 G - a scroll of summoning {unknown}
Potions
 b - 3 potions of degeneration {unknown}
 d - 2 potions of flight
 e - a potion of ambrosia {unknown}
 m - 3 potions of magic
 p - 3 potions of curing {unknown}
 q - a potion of brilliance
 t - 2 potions of haste {unknown}
Books
 y - a manual of Dodging
Miscellaneous
 E - a sack of spiders
Comestibles
 f - 16 rations


   Skills:
 + Level 8.4 Fighting
 * Level 11.5(11.7) Axes
   Level 2.9(8.1) Maces & Flails
 - Level 7.0 Armour
 * Level 8.1 Dodging
 + Level 12.2 Shields


You had 11 spell levels left.
You didn't know any spells.
Your spell library was empty.

Dungeon Overview and Level Annotations

Branches:
Dungeon (9/15)             Temple (0/1) D:5            Lair (0/6) D:9
    Orc (2/2) D:9             Elf (0/3) Orc:2

Altars:
Ashenzari
Elyvilon
Gozag
Kikubaaqudgha
Makhleb
Nemelex Xobeh
Uskayaw
The Shining One

Shops:
D:8 [   Orc:1 =   Orc:2 [

Annotations:
D:8 1 runed translucent door, cada's ghost, novice TrFi
D:9 4 runed translucent doors


Innate Abilities, Weirdness & Mutations

You cannot be hasted, slowed, berserked, paralysed or teleported.
You can dig through walls and to a lower floor.
Your four strong arms can wield two-handed weapons with a shield.
You have a pair of large antennae on your head. (SInv)


Message History

The raiju convulses!
The thrashing horror barely misses you. x2
A chorus of shrieks assaults your mind.
* * * LOW HITPOINT WARNING * * *
Evoke which item? (* to show all) (? for menu, Esc to quit)
You reach into the bag... ...but nothing happens.
You block the thrashing horror's attack. x2
The raiju barely misses you.
Evoke which item? (* to show all) (? for menu, Esc to quit)
You reach into the bag... ...but nothing happens.
A starcursed mass splits.
A starcursed mass comes into view.
A chorus of shrieks assaults your mind.
* * * LOW HITPOINT WARNING * * *
The raiju bites you but does no damage.
Evoke which item? (* to show all) (? for menu, Esc to quit)
You reach into the bag... ...but nothing happens.
You block the raiju's attack.
Evoke which item? (* to show all) (? for menu, Esc to quit)
You reach into the bag... ...but nothing happens.
A starcursed mass splits.
A chorus of shrieks assaults your mind.
You die...
Your body glows with a rainbow of weird colours and disappears.

.. ... .. ....
# # #... ## #.
. . .. #. #
...# .#
#...#.### #..#
. ..... #@#{ .
#.#
...####h#{#{#..
### #.. #Xu{{..
# #..#...{.#XX#
. # ....##
.####.# ## .
...# .# ..#..#
. . ## # . ..##
## #.#.


You could see 3 starcursed masses, a red very ugly thing and a raiju.

Vanquished Creatures
  2 thrashing horrors (Abyss:1)
  Pikel (D:3)
  2 orc knights (Orc:2)
  2 orc sorcerers (Orc:2)
  A gargoyle (D:9)
  Psyche (D:9)
  An efreet (D:9)
  Grinder (D:6)
  A hippogriff (D:9)
  A spriggan (D:7)
  3 yaks (D:9)
  A shadow (D:8)
  A redback (Orc:1)
  3 wraiths (Orc:1)
  Eustachio (D:5)
  A steam dragon (D:7)
  A warg (Orc:2)
  15 orc warriors
  5 sky beasts
  2 phantoms
  2 black bears
  3 ice beasts
  6 ogres
  2 centaurs
  A gnoll sergeant (D:8)
  8 bullfrogs
  2 small abominations (Abyss:1)
  2 scorpions (D:9)
  A wight (D:9)
  2 vampire bats (D:5)
  A howler monkey (D:5)
  A crimson imp (D:9)
  10 hounds
  7 orc priests
  2 bullfrog skeletons
  A jelly (D:4)
  A centaur skeleton (D:5)
  Terence (D:2)
  Ijyb (D:5)
  3 iguanas
  13 orc wizards
  5 worker ants
  A killer bee zombie (D:6)
  A hound skeleton (D:9)
  A worker ant zombie (D:8)
  Robin (D:2)
  6 gnolls
  A howler monkey skeleton (D:8)
  15 adders
  5 river rats (Sewer)
  2 shadow imps
  An ooze (Sewer)
  3 worms
  3 adder skeletons
  2 dart slugs
  4 leopard geckos
  49 orcs
  11 ball pythons
  2 bat skeletons (D:5)
  4 bat zombies (D:5)
  14 giant cockroaches
  18 goblins
  14 hobgoblins
  7 jackals
  12 kobolds
  7 quokkas
  8 bats
  3 frilled lizards
  A quokka skeleton (D:4)
  30 rats
  A fungus (Orc:2)
348 creatures vanquished.

Vanquished Creatures (collateral kills)
  Josephine (Orc:1)
  An orc sorcerer (Orc:2)
  2 wraiths (Orc:1)
  4 orc warriors
  An ogre (Orc:2)
  A bullfrog (Sewer)
  2 orc wizards (Orc:2)
  An adder (Sewer)
  2 orcs
  2 ball pythons (Sewer)
  A frilled lizard (Sewer)
  A fungus (Orc:2)
19 creatures vanquished.

Vanquished Creatures (others)
  An orc warrior (Orc:2)
  An orc (D:9)
  10 fungi
  4 plants (D:8)
16 creatures vanquished.

Grand Total: 383 creatures vanquished

Notes
Turn   | Place    | Note
-------+----------+-------------------------------------------
     0 | D:1      | Menchi the Formicid Fighter began the quest for the Orb.
     0 | D:1      | Reached XP level 1. HP: 18/18 MP: 1/1
    73 | D:1      | Reached XP level 2. HP: 22/24 MP: 2/2
   269 | D:1      | Reached skill level 4 in Shields
   287 | D:1      | Reached XP level 3. HP: 25/29 MP: 3/3
   842 | D:2      | Reached XP level 4. HP: 35/37 MP: 4/4
   951 | D:2      | Noticed Terence
   965 | D:2      | Killed Terence
   965 | D:2      | Reached XP level 5. HP: 34/42 MP: 5/5
  1277 | D:2      | Noticed Robin
  1320 | D:2      | Killed Robin
  1509 | D:2      | Found a glowing golden altar of the Shining One.
  1953 | D:3      | Found a sparkling altar of Nemelex Xobeh.
  2087 | D:3      | Found a hide-covered altar of Uskayaw.
  2345 | D:3      | Reached XP level 6. HP: 48/48 MP: 6/6
  2677 | D:3      | Became a worshipper of Nemelex Xobeh the Trickster
  2714 | D:4      | Received a gift from Nemelex Xobeh
  2722 | D:4      | Noticed Edmund
  2737 | D:4      | Noticed Edmund
  2737 | D:4      | Edmund changed into Edmund the jelly
  2738 | D:4      | Killed Edmund the jelly
  2738 | D:4      | Reached skill level 5 in Shields
  2924 | D:4      | Noticed Pikel
  2924 | D:4      | Noticed a slave
  2925 | D:4      | Noticed a slave
  2925 | D:4      | Noticed a slave
  2925 | D:4      | Noticed a slave
  2937 | D:4      | HP: 2/49 [slave[Pikel] (7)]
  2947 | D:3      | Killed Pikel
  2947 | D:3      | Reached skill level 5 in Fighting
  2947 | D:3      | Reached skill level 5 in Armour
  2947 | D:3      | Reached skill level 6 in Shields
  2947 | D:3      | Reached XP level 7. HP: 25/56 MP: 7/7
  2947 | D:3      | Reached XP level 8. HP: 28/62 MP: 8/8
  3269 | D:4      | Reached skill level 5 in Axes
  3771 | D:5      | Entered Level 5 of the Dungeon
  3777 | D:5      | Noticed Ijyb
  3788 | D:5      | Reached skill level 1 in Maces & Flails
  3796 | D:5      | Killed Ijyb
  3801 | D:5      | Noticed Eustachio
  3842 | D:5      | Reached skill level 7 in Shields
  3873 | D:5      | HP: 1/64 [cloud of flame (10)]
  3877 | D:5      | You fall through a shaft for 3 floors!
  4350 | D:7      | Reached * piety under Nemelex Xobeh
  4389 | D:7      | Reached XP level 9. HP: 44/69 MP: 9/9
  4692 | D:7      | Reached skill level 8 in Shields
  4738 | D:6      | Found a glowing drain.
  4748 | Sewer    | Entered a sewer
  5429 | D:6      | Reached skill level 1 in Dodging
  5448 | D:6      | Reached skill level 9 in Shields
  5720 | D:6      | Received a gift from Nemelex Xobeh
  5775 | D:6      | Reached ** piety under Nemelex Xobeh
  5820 | D:6      | Reached XP level 10. HP: 48/77 MP: 10/10
  6094 | D:6      | Noticed Grinder
  6118 | D:6      | Killed Grinder
  6561 | D:5      | Found an opulent altar of Gozag.
  6599 | D:5      | Killed Eustachio
  6657 | D:5      | Reached skill level 10 in Shields
  6678 | D:5      | Received a gift from Nemelex Xobeh
  6733 | D:5      | Found a staircase to the Ecumenical Temple.
  6804 | D:5      | Found an ancient bone altar of Kikubaaqudgha.
  7227 | D:7      | Got a faintly glowing crystal amulet
  7228 | D:7      | Identified the amulet of Ivvetoje {Reflect Dex+4 SH+2} (You
                  | found it on level 7 of the Dungeon)
  7608 | D:8      | Reached skill level 5 in Dodging
  7958 | D:8      | Reached *** piety under Nemelex Xobeh
  8005 | D:8      | Received a gift from Nemelex Xobeh
  8020 | D:8      | Identified the cursed +0 trident of Cops {pierce, rF-
                  | Int+5}
  8025 | D:8      | Got an ichor-stained rapier
  8026 | D:8      | Identified the cursed +0 rapier "Sylah" {drain, MR+ Str+3}
                  | (You found it on level 8 of the Dungeon)
  8119 | D:8      | Found a runed translucent door.
  8120 | D:8      | Noticed cada's ghost (novice TrFi)
  8290 | D:8      | Found Roreth's Antique Armour Emporium.
  8298 | D:8      | Bought an encrusted scale mail for 180 gold pieces
  8308 | D:8      | Identified the cursed +1 scale mail of Claustrophobia {MR+}
                  | (You bought it in a shop on level 8 of the Dungeon)
  8641 | D:9      | Noticed an efreet
  8649 | D:9      | Killed an efreet
  8806 | D:9      | Found a shattered altar of Ashenzari.
  8819 | D:9      | Noticed Psyche
  8836 | D:9      | Killed Psyche
  8855 | D:9      | Reached XP level 11. HP: 84/84 MP: 11/11
  8946 | D:8      | Bought a glowing scarf for 160 gold pieces
  8986 | D:9      | Found a large runed translucent door.
  8987 | D:9      | Found a large runed translucent door.
  8987 | D:9      | Found a large runed translucent door.
  8991 | D:9      | Found a large runed translucent door.
  9070 | D:9      | Reached skill level 11 in Shields
  9082 | D:9      | Found a staircase to the Lair.
  9246 | D:9      | Found a white marble altar of Elyvilon.
  9247 | D:9      | Found a burning altar of Makhleb.
  9267 | D:9      | Received a gift from Nemelex Xobeh
  9357 | D:9      | Found a staircase to the Orcish Mines.
  9937 | Orc:1    | Entered Level 1 of the Orcish Mines
  9941 | Orc:1    | Noticed Josephine
  9966 | Orc:1    | Killed Josephine
  9966 | Orc:1    | Reached skill level 10 in Axes
 10287 | Orc:1    | Found Cidiadot's Jewellery Emporium.
 10292 | Orc:1    | Bought a +4 ring of strength for 351 gold pieces
 10307 | Orc:1    | Reached **** piety under Nemelex Xobeh
 10307 | Orc:1    | Received a gift from Nemelex Xobeh
 10356 | Orc:1    | Noticed a two-headed ogre
 10360 | Orc:1    | a two-headed ogre changed into a redback
 10821 | Orc:2    | Entered Level 2 of the Orcish Mines
 10935 | Orc:2    | Noticed an orc sorcerer
 10948 | Orc:2    | Killed an orc sorcerer
 11071 | Orc:2    | Noticed an orc sorcerer
 11076 | Orc:2    | Noticed a sun demon
 11084 | Orc:2    | Killed an orc sorcerer
 11344 | Orc:2    | Found Aniero's Antique Armour Emporium.
 11379 | Orc:2    | Noticed an orc sorcerer
 11396 | Orc:2    | Noticed an orc knight
 11402 | Orc:2    | Killed an orc knight
 11402 | Orc:2    | Reached XP level 12. HP: 39/92 MP: 12/12
 11413 | Orc:2    | Reached skill level 12 in Shields
 11635 | Orc:2    | Found a staircase to the Elven Halls.
 11668 | Orc:2    | Cast into level 1 of the Abyss (drawing a card)
 11781 | Abyss:1  | Noticed a thrashing horror
 11790 | Abyss:1  | Killed a thrashing horror
 11815 | Abyss:1  | Noticed a thrashing horror
 11822 | Abyss:1  | Killed a thrashing horror
 11838 | Abyss:1  | Got a twisted long sword
 11839 | Abyss:1  | Identified the +4 long sword of Impatience {freeze, rF+}
                  | (You found it on level 1 of the Abyss)
 11910 | Abyss:1  | Noticed a red very ugly thing
 11916 | Abyss:1  | Noticed a thrashing horror
 11947 | Abyss:1  | Killed from afar by a starcursed mass

Skill      XL: |  1  2  3  4  5  6  7  8  9 10 11 12 |
---------------+-------------------------------------+-----
Shields        | 4 6 7 9 10 11 12 | 12.2
Axes           | 3 4 5 6 8 10 11 | 11.5
Armour         | 4 5 6 7 |  7.0
Fighting       | 4 5 6 7 8 |  8.4
Maces & Flails | 2 |  2.9
Dodging        | 2 5 7 8 |  8.1

Action                   |  1- 3 |  4- 6 |  7- 9 | 10-12 || total
-------------------------+-------+-------+-------+-------++-------
Melee: War axe           |    47 |       |       |       ||    47
       Spear             |    20 |   245 |   504 |     4 ||   773
       Hand axe          |       |       |       |   626 ||   626
 Abil: Draw Destruction  |       |     6 |       |    19 ||    25
       Shaft Self        |       |       |     1 |       ||     1
       Draw Summoning    |       |       |     1 |     6 ||     7
       Dig               |       |       |       |     4 ||     4
       Draw Escape       |       |       |       |    13 ||    13
Evoke: Wand              |       |       |       |    27 ||    27
       Sack of spiders   |       |       |       |    10 ||    10
  Use: Potion            |       |     3 |     5 |     4 ||    12
       Scroll            |       |       |    10 |     6 ||    16
 Stab: Invisible         |       |       |     1 |     1 ||     2
       Distracted        |       |       |       |     1 ||     1
  Eat: Chunk             |       |     6 |     8 |    16 ||    30
       Ration            |       |       |     1 |     2 ||     3
Armor: Scale mail        |    22 |    68 |       |    61 ||   151
       Ring mail         |       |    17 |   208 |    53 ||   278
       Robe              |       |       |       |     2 ||     2
Dodge: Dodged            |    17 |    77 |   239 |   222 ||   555
       Deflected         |       |       |       |     2 ||     2
Block: Shield            |    24 |   114 |   349 |   405 ||   892
       Reflection        |       |       |       |     4 ||     4
